 Dungeon Crawl Stone Soup version 0.22.1-1-ga44c0e5 (webtiles) character file.

51 Fang the Skirmisher (level 3, -2/24 HPs)
             Began as a Gargoyle Berserker on Sept 21, 2018.
             Was a Follower of Trog.
             Killed by nerve-wracking pain
             ... invoked by Grinder
              (4 damage)
             ... while paralysed by Grinder
             ... on level 3 of the Dungeon.
             The game lasted 00:01:34 (1618 turns).

Fang the Skirmisher (Gargoyle Berserker)            Turns: 1618, Time: 00:01:34

Health: -2/24      AC:  5    Str: 21    XL:     3   Next: 83%
Magic:  3/3        EV:  2    Int:  7    God:    Trog [*.....]
Gold:   122        SH:  0    Dex:  9    Spells: 2/2 levels left

rFire    . . .     SeeInvis .   a - +0 hand axe
rCold    . . .     Gourm    .   (no shield)
rNeg     + . .     Faith    .   b - +0 animal skin
rPois    ∞         Spirit   .   (no helmet)
rElec    +         Reflect  .   n - scarf {cloud immunity}
rCorr    .         Harm     .   (no gloves)
MR       .....     Rnd*Tele +   (no boots)
Stlth    +.........             f - amulet of rage
HPRegen  0.08/turn              d - ring of teleportation (curse)
MPRegen  0.08/turn              (no ring)

@: paralysed, berserk cooldown, slowed
A: negative energy resistance 1, electricity resistance, unbreathing,
petrification resistance, rot immunity, AC +3
a: Berserk, Renounce Religion, Evoke Berserk Rage


You were on level 3 of the Dungeon.
You worshipped Trog.
Trog was aware of your devotion.
You were not hungry.

You visited 1 branch of the dungeon, and saw 3 of its levels.

You collected 122 gold pieces.

Inventory:

Hand Weapons
 a - a +0 hand axe (weapon)
Armour
 b - a +0 animal skin (worn)
 n - a scarf of cloud immunity (worn)
Jewellery
 d - a cursed ring of teleportation (left hand)
 f - an amulet of rage (around neck)
Scrolls
 e - a scroll of immolation {unknown}
 h - 3 scrolls of identify {unknown}
 i - 2 scrolls of remove curse {unknown}
 j - a scroll of amnesia {unknown}
 m - a scroll of magic mapping {unknown}
Potions
 g - 2 potions of mutation {unknown}
 k - a potion of degeneration {unknown}
 l - 2 potions of curing {unknown}
 o - a potion of heal wounds {unknown}
 p - a potion of might {unknown}
Comestibles
 c - 8 rations
 q - 4 chunks of flesh


   Skills:
 + Level 3.7 Fighting
 + Level 3.4 Axes
 + Level 2.5 Armour
 + Level 2.0 Dodging
 + Level 0.3 Stealth


You had 2 spell levels left.
You didn't know any spells.
Your spell library was empty.

Dungeon Overview and Level Annotations

Branches:
Dungeon (3/15)

Altars:

Annotations:
D:3 Grinder


Innate Abilities, Weirdness & Mutations

You are resistant to torment.
Your stone body is resilient. (AC +3)
You are immune to poison.
You resist negative energy. (rN+)
You are resistant to electric shocks. (rElec)
You can survive without breathing.
You are immune to petrification.
You are immune to rotting.


Message History

A frilled lizard and a rat come into view.
Grinder blinks!
The giant cockroach bites you but does no damage.
The giant cockroach bites you but does no damage.
Grinder hits you.
* * * LOW HITPOINT WARNING * * *
You writhe in agony.
* * * LOW HITPOINT WARNING * * *
The giant cockroach barely misses you. The rat bites you but does no damage.
The frilled lizard hisses angrily.
The giant cockroach bites you but does no damage.
Grinder gestures at you. Pain shoots through your body!
* * * LOW HITPOINT WARNING * * *
The rat barely misses you.
The giant cockroach bites you but does no damage.
A rat comes into view.
Grinder gestures at you. Pain shoots through your body!
You die...

#.o #.#
### ##.# .
#### o.
..... #o#
#r ...##
## .. # #
.# #
##.###. #.
###.......
.## #s@r.#
..
#...5.###
######.
#.##...
.....(. #
##### # #
#


You could see Grinder, a giant cockroach and 2 rats.

Vanquished Creatures
  A gnoll (D:1)
  A worm (D:2)
  A leopard gecko (D:3)
  An orc (D:3)
  A bat (D:2)
  3 giant cockroaches
  7 goblins
  4 hobgoblins
  2 quokkas (D:3)
  A ball python (D:2)
  5 frilled lizards
  2 kobolds (D:2)
  6 rats
35 creatures vanquished.

Notes
Turn   | Place    | Note
-------+----------+-------------------------------------------
     0 | D:1      | Fang the Gargoyle Berserker began the quest for the Orb.
     0 | D:1      | Reached XP level 1. HP: 14/14 MP: 1/1
   170 | D:1      | You fall through a shaft!
   178 | D:2      | Reached XP level 2. HP: 16/19 MP: 2/2
   773 | D:2      | Reached XP level 3. HP: 23/23 MP: 3/3
  1613 | D:3      | Paralysed by Grinder for 7 turns
  1614 | D:3      | Noticed Grinder
  1617 | D:3      | HP: 1/24 [Grinder/nerve-wracking pain (5)]
  1618 | D:3      | Killed from afar by Grinder

Skill      XL: |  1  2  3 |
---------------+----------+-----
Axes           | 3 |  3.4
Dodging        | 2 |  2.0
Fighting       | |  3.7
Armour         | |  2.5
Stealth        | |  0.3

Action                   || total
-------------------------++-------
Melee: Hand axe          ||   112
Invok: Berserk           ||     1
  Eat: Chunk             ||     3
Armor: Animal skin       ||    34
Dodge: Dodged            ||    85
